Unix NetHack Version 3.7.0-95 Work-in-progress - last build Jan 1 2024 20:51:50 (6a0ccc5fa2390e420dd2d488a2f9488d2ae3a63b,branch:master). Game began 2024-01-05 15:42:17, ended 2024-01-05 16:02:43. elenmirie, lawful female human Knight ----- ---------------- ----- |...| ---------- |..............| |...| |...+ |........+### -------- |......*.......| ###.)..| |...| |........| # |......| #-..............-## ----- -|--- |.....(...######0|......| ####---------------- # |........| |......| ### # |.........#######|.......#### # .........| #|>.....| # ----|----- ###-|------ # # # ###)####### # # ##### #) ### # # ## #####0 ----.- ######### ----.-- ########## |....| #----|------ #.......#### #--------######----- |.....########|..........## ###|.(.<.| ######## #|......-#### #....| |....| #|.........| ########+.....| ####eb.d@..| # |...| |....-########|..........###### ------- #|......| ###|...| |....| #----------- #|......| #-...| ------ ##########################################-------- ----- Elenmirie the Esquire St:15 Dx:10 Co:11 In:8 Wi:14 Ch:18 Lawful Dlvl:4 $:188 HP:0(36) Pw:23(23) AC:2 Xp:4/80 T:3263 Burdened Latest messages: The cave spider bites! The cave spider bites! The cave spider misses! You miss the cave spider. The cave spider bites! The cave spider misses! You kill the cave spider! The cave spider just misses! You kill the cave spider! Welcome to experience level 4. You see here a cave spider corpse. There is a cave spider corpse here; eat it? [ynq] (n) y This cave spider corpse is tough. You finish eating the cave spider corpse. You stop searching. The little dog bites! You hit the little dog. The little dog bites! You miss the little dog. The little dog bites! The little dog bites! You miss the little dog. The little dog bites! The little dog bites! The little dog misses! The little dog bites! You miss the little dog. The little dog bites! You miss the little dog. The little dog bites! The little dog bites! You miss the little dog. The little dog bites! The little dog misses! You miss the little dog. The little dog misses! You hit the little dog. The little dog bites! You hit the little dog. The little dog misses! The little dog bites! The little dog bites! You miss the little dog. The little dog bites! You die... Do you want your possessions identified? [ynq] (y) y Do you want to see your attributes? [ynq] (y) y Do you want an account of creatures vanquished? [ynaq] (y) y Do you want to see your conduct and achievements? [ynq] (y) y Do you want to see the dungeon overview? [ynq] (y) y Inventory: Coins $ - 188 gold pieces Weapons a - an uncursed +1 long sword (weapon in right hand) b - an uncursed +1 lance (alternate weapon; not wielded) Armor d - an uncursed +0 helmet (being worn) f - a blessed +0 pair of leather gloves (being worn) q - an uncursed +0 pair of kicking boots (being worn) e - a blessed +0 small shield (being worn) c - an uncursed +1 ring mail (being worn) Comestibles g - 12 uncursed apples h - 10 uncursed carrots D - 2 uncursed food rations Scrolls w - an uncursed scroll of create monster J - a blessed scroll of enchant weapon I - an uncursed scroll of enchant weapon F - an uncursed scroll of identify A - a blessed scroll of light Spellbooks B - an uncursed spellbook of haste self G - an uncursed spellbook of sleep Potions x - a blessed potion of extra healing k - a blessed potion of gain energy j - 2 uncursed potions of healing u - a cursed potion of healing l - a cursed potion of invisibility y - an uncursed potion of speed o - an uncursed potion of water Rings z - an uncursed ring of regeneration Wands v - an uncursed wand of light (0:12) Tools P - an uncursed stethoscope Elenmirie the Knight's attributes: Background: You were an Esquire, a level 4 female human Knight. You were lawful, on a mission for Lugh who was opposed by Brigit (neutral) and Manannan Mac Lir (chaotic). You were right-handed. You were in the Dungeons of Doom, on level 4. You entered the dungeon 3263 turns ago. You had 80 experience points, 80 more were needed to attain level 5. Basics: You had 0 out of 36 hit points. You had all 23 energy points (spell power). Your armor class was 2. Your wallet contained 188 zorkmids. Autopickup was on for '$' plus thrown. Final Characteristics: Your strength was 15 (limit:18/100). Your dexterity was 10 (limit:18). Your constitution was 11 (limit:18). Your intelligence was 8 (limit:18). Your wisdom was 14 (limit:18). Your charisma was 18 (limit:18). Final Status: You weren't hungry. You were burdened; movement was slightly slowed. You were wielding a long sword. You had basic skill with long sword. Final Attributes: You were piously aligned. You could jump. You were warded. You are dead. Miscellaneous: You never encountered a bones level. Total elapsed playing time was 20 minutes and 26 seconds. Major events: Turn 1: elenmirie the lawful female human Knight entered the dungeon 1216: entered the Gnomish Mines 2232: attained the rank of Esquire (level 3) 3263: killed by a little dog Vanquished creatures: a horse a giant bat 2 orc zombies 2 iguanas an acid blob a hobbit 2 manes 3 giant rats 3 cave spiders a yellow mold a green mold a gnome 2 geckos 8 jackals 2 foxes 2 kobolds 2 goblins 10 grid bugs 2 lichens 9 newts 56 creatures vanquished. No species were genocided or became extinct. Voluntary challenges: You read items or engraved 5 times. You never engraved Elbereth. You never genocided any monsters. You never polymorphed an object. You never changed form. You used no wishes. Achievements: You entered a shop. You entered the Gnomish Mines. You attained the rank of Esquire. The Dungeons of Doom: levels 1 to 4 Level 1: An altar to Lugh, a fountain. Level 2: An altar. Stairs down to The Gnomish Mines. Level 3: A sink. Level 4: <- You were here. Final resting place for you, killed by a little dog. The Gnomish Mines: Level 3: Game over: ---------- / \ / REST \ / IN \ / PEACE \ / \ | elenmirie | | 188 Au | | killed by a | | little dog | | | | | | 2024 | *| * * * | * _________)/\\_//(\/(/\)/\//\/|_)_______ Fare thee well elenmirie the Knight... You died in The Dungeons of Doom on dungeon level 4 with 650 points, and 188 pieces of gold, after 3263 moves. You were level 4 with a maximum of 36 hit points when you died.